 Dungeon Crawl Stone Soup version 0.29-a0-330-g52719c12eb (webtiles) character file.

Game seed: 3138141551905403798

445 jmlagarto the Grave Robber (level 7, -2/51 HPs)
             Began as a Human Necromancer on Apr 11, 2022.
             Was a Believer of Cheibriados.
             Slain by a gnoll
             ... wielding a +0 spear
              (6 damage)
             ... on level 5 of the Dungeon on Apr 12, 2022.
             The game lasted 00:09:18 (5547 turns).

jmlagarto the Grave Robber (Human Necromancer)      Turns: 5547, Time: 00:09:18

Health: -2/51      AC:  2    Str: 15    XL:     7   Next: 24%
Magic:  3/11       EV: 13    Int: 23    God:    Cheibriados [**....]
Gold:   210        SH:  0    Dex: 19    Spells: 7/12 levels left

rFire   . . .      SeeInvis .   e - +0 short sword (freeze)
rCold   + . .      Faith    .   (no shield)
rNeg    . . .      Spirit   .   a - +0 robe
rPois   .          Reflect  .   (no helmet)
rElec   .          Harm     .   (no cloak)
rCorr   .          Rampage  .   (no gloves)
Will    .....                   (no boots)
Stlth   +.........              (no amulet)
HPRegen 0.17/turn               c - ring of protection from cold
MPRegen 0.12/turn               (no ring)

@: lit by a corona, glowing, very slow
A: no striking features
a: Renounce Religion, Bend Time


You were on level 5 of the Dungeon.
You worshipped Cheibriados.
Cheibriados was pleased with you.
You visited 1 branch of the dungeon, and saw 5 of its levels.

You collected 210 gold pieces.

Inventory:

Hand Weapons
 e - a +0 short sword of freezing (weapon)
Missiles
 j - 4 atropa-tipped darts
 y - 4 poisoned darts
Armour
 a - a +0 robe (worn)
Jewellery
 c - a ring of protection from cold (left hand)
Wands
 o - a wand of flame (22)
Scrolls
 d - a scroll of immolation
 h - 2 scrolls of summoning
 i - a scroll of identify
 k - 2 scrolls of blinking
 l - a scroll of amnesia {unknown}
 p - 2 scrolls of enchant weapon
 q - 2 scrolls of enchant armour
 r - 3 scrolls of fog
 u - a scroll of teleportation {unknown}
 v - a scroll of magic mapping {unknown}
 w - a scroll of silence {unknown}
Potions
 b - a potion of magic
 f - a potion of attraction {unknown}
 g - a potion of mutation {unknown}
 m - a potion of ambrosia {unknown}
 n - a potion of invisibility {unknown}
 s - a potion of flight {unknown}
 t - 2 potions of curing
 x - 2 potions of might {unknown}
 z - a potion of heal wounds {unknown}


   Skills:
 + Level 2.3 Fighting
 + Level 2.1 Short Blades
 + Level 3.4 Dodging
 - Level 2.4 Stealth
 + Level 3.1 Spellcasting
 + Level 4.8 Necromancy
 + Level 2.3 Invocations
 + Level 1.7 Evocations


You had 7 spell levels left.
You knew the following spells:

 Your Spells              Type           Power      Damage    Failure   Level
a - Pain                  Necr           100%       1d9       1%          1
b - Animate Skeleton      Necr           50%        N/A       1%          1
c - Vampiric Draining     Necr           25%        2d7       4%          3

Your spell library contained the following spells:

 Spells                   Type           Power      Damage    Failure   Level
 Animate Dead             Necr           12%        N/A       16%         4
 Gell's Gravitas          Tloc           3%         N/A       34%         3
 Lesser Beckoning         Tloc           3%         N/A       34%         3
 Teleport Other           Tloc           3%         N/A       34%         3
 Agony                    Necr           25%        N/A       41%         5


Dungeon Overview and Level Annotations

Branches:
Dungeon (5/15)             Temple (0/1) D:4

Altars:
Cheibriados
Beogh

Shops:
D:4 (


Message History

The gnoll shaman calls down the wrath of its god upon you.
You are outlined in light.
The gnoll barely resists.
The gnoll closely misses you.
The gnoll writhes in agony.
The gnoll closely misses you.
The gnoll hits you from afar with a +0 spear.
The gnoll writhes in agony.
The gnoll hits you from afar with a +0 spear.
The gnoll shaman hits you with a +0 whip!
The gnoll writhes in agony!
You kill the gnoll!
Cheibriados appreciates the change of pace.
The gnoll hits you from afar with a +0 spear.
The gnoll shaman barely misses you.
Casting: Pain (safe; 1% risk of failure)
Confirm with . or Enter, or press ? or * to list all spells.
There is nothing nearby to animate!
Casting: Animate Skeleton (safe; 1% risk of failure)
Confirm with . or Enter, or press ? or * to list all spells.
Aiming: Vampiric Draining (dangerous; 4% risk of failure)
Press: ? - help, Shift-Dir - straight line, f - gnoll shaman
Aim: a gnoll shaman, wielding a +0 whip and wearing a +0 robe You draw life force from the gnoll shaman!
You feel life coursing into your body. The gnoll barely misses you.
The gnoll hits you from afar with a +0 spear!
* * * LOW HITPOINT WARNING * * *
The gnoll shaman closely misses you.
Casting: Vampiric Draining (dangerous; 4% risk of failure)
Confirm with . or Enter, or press ? or * to list all spells.
You don't have enough magic to cast this spell.
The gnoll hits you from afar with a +0 spear.
* * * LOW HITPOINT WARNING * * *
The gnoll hits you from afar with a +0 spear.
* * * LOW HITPOINT WARNING * * *
The gnoll shaman hits you with a +0 whip.
* * * LOW HITPOINT WARNING * * *
It was a potion of curing.
You feel better.
The gnoll hits you from afar with a +0 spear!
* * * LOW HITPOINT WARNING * * *
The gnoll hits you from afar with a +0 spear.
You die...

#####'#####....##
##..##...###....#
#...............#
#...............#
#...............#
##########...####.##..#
#.....####...####†##..###
..............#..........
........@.....#.........(
......).g.....#..........
......gg......#..........
..............#..........
..............#........<.
..............#..........
........####+##...##+####
##......# ##### ###
........ #..


You could see a gnoll shaman and 2 gnolls.

Vanquished Creatures
  4 scorpions
  A hound (D:4)
  A jelly (D:4)
  An iguana (D:5)
  A gnoll (D:5)
  5 adders
  2 worms
  A dart slug (D:4)
  2 orcs (D:3)
  8 endoplasms
  2 giant cockroaches
  6 hobgoblins
  9 jackals
  8 kobolds
  2 quokkas
  13 ball pythons
  2 bats
  4 goblins
  A rat (D:1)
73 creatures vanquished.

Vanquished Creatures (collateral kills)
  A goblin (D:2)
  A jackal (D:3)
2 creatures vanquished.

Vanquished Creatures (others)
  A plant (D:1)
1 creature vanquished.

Grand Total: 76 creatures vanquished

Notes
Turn   | Place    | Note
-------+----------+-------------------------------------------
     0 | D:1      | jmlagarto the Human Necromancer began the quest for the
                  | Orb.
     0 | D:1      | Reached XP level 1. HP: 13/13 MP: 3/3
   415 | D:1      | Learned a level 1 spell: Animate Skeleton
   445 | D:1      | Reached XP level 2. HP: 18/19 MP: 3/5
   990 | D:1      | Found a faded altar of an unknown god.
   997 | D:1      | Prayed at the altar of an unknown god.
   997 | D:1      | Became a worshipper of Cheibriados the Contemplative
   997 | D:1      | Reached * piety under Cheibriados
  1158 | D:1      | Noticed an orc warrior
  1750 | D:2      | Reached XP level 3. HP: 22/24 MP: 3/6
  2272 | D:2      | Reached XP level 4. HP: 28/31 MP: 3/7
  2491 | D:2      | Learned a level 3 spell: Vampiric Draining
  2507 | D:2      | Reached skill level 1 in Fighting
  3147 | D:3      | Reached skill level 1 in Invocations
  3290 | D:3      | Reached ** piety under Cheibriados
  3477 | D:3      | Reached XP level 5. HP: 34/37 MP: 4/8
  3664 | D:3      | Reached skill level 1 in Short Blades
  3921 | D:4      | Found a staircase to the Ecumenical Temple.
  4131 | D:4      | Reached XP level 6. HP: 37/44 MP: 2/10
  4376 | D:4      | Reached skill level 1 in Evocations
  4714 | D:4      | Found Ygharoas's Weapon Boutique.
  5227 | D:5      | Entered Level 5 of the Dungeon
  5228 | D:5      | Upgraded the game from 0.29-a0-323-g050149af67 to
                  | 0.29-a0-330-g52719c12eb
  5392 | D:5      | Reached XP level 7. HP: 46/50 MP: 6/11
  5547 | D:5      | Slain by a gnoll

Illustrated notes

Levels and vault maps discovered:
D:1:      erik_arrival_cave_to_civilisation [erik_arrival_cave_to_temple],
          layout_basic, chequers_ecumenical_altar_lobes
D:2:      layout_rooms, dreamdust_princess_corridor, minmay_crystal_water
D:3:      layout_loops_ring
D:4:      layout_layer_cave, temple_statues, serial_shops,
          nicolae_shop_hallway_stairs
D:5:      layout_gridville, mainiacjoe_overflow_surrounded_room, nrook_campfire,
          glass_columns_b

Skill      XL: |  1  2  3  4  5  6 |
---------------+-------------------+-----
Fighting       | 1 2 |  2.3
Invocations    | 1 2 |  2.3
Short Blades   | 1 2 |  2.1
Dodging        | 3 |  3.4
Evocations     | 1 |  1.7
Spellcasting   | 3 |  3.1
Stealth        | |  2.4
Necromancy     | |  4.8

Action                   |  1- 3 |  4- 6 |  7- 9 || total
-------------------------+-------+-------+-------++-------
Melee: Dagger            |     8 |       |       ||     8
       Short sword       |     7 |     3 |       ||    10
Throw: Dart              |       |     1 |       ||     1
 Cast: Pain              |    49 |    99 |     9 ||   157
       Animate Skeleton  |     3 |     2 |       ||     5
       Vampiric Draining |       |       |     1 ||     1
  Use: Scroll            |     3 |     6 |       ||     9
       Potion            |       |       |     1 ||     1
Armor: Robe              |     7 |     7 |       ||    14
Dodge: Dodged            |    42 |    24 |     5 ||    71

Table legend: (Time is in decaauts)
 A = Elapsed time spent in this place.
 B = Non-inter-level travel time spent in this place.
 C = Inter-level travel time spent in this place.
 D = Time resting spent in this place.
 E = Time spent auto-exploring this place.
 F = Levels seen in this place.
 G = Mean time per level.
                   A        B        C        D        E       F      G
               +--------+--------+--------+--------+--------+-----+--------+
         Total |   6771 |   6538 |    233 |    177 |   5663 |   5 | 1354.2 |
       Dungeon |   6771 |   6538 |    233 |    177 |   5663 |   5 | 1354.2 |
               +--------+--------+--------+--------+--------+-----+--------+

Top non-repeatable levels by time:
     D:4: 1870 daAuts
     D:1: 1817 daAuts
     D:2: 1519 daAuts
     D:3: 1171 daAuts
     D:5: 392 daAuts
